 Dungeon Crawl Stone Soup version 0.18.1-50-g88ac8fd (webtiles) character file.

1055 ololoev the Thaumaturge (level 8, 0/41 HPs)
             Began as a Deep Elf Earth Elementalist on Dec 5, 2016.
             Was a Follower of Vehumet.
             Slain by a killer bee (1 damage)
             ... on level 8 of the Dungeon.
             The game lasted 00:16:41 (1615 turns).

ololoev the Thaumaturge (DEEE)                      Turns: 1615, Time: 00:16:42

Health: 0/41       AC:  4    Str:  5    XL:     8   Next: 5%
Magic:  0/23       EV: 13    Int: 23    God:    Vehumet [*.....]
Gold:   443        SH:  0    Dex: 15    Spells: 6 memorised, 9 levels left

rFire  + . .     SeeInvis .     g - 3 potions of lignification {unknown}
rCold  x . .     Gourm    .     p - +0 robe
rNeg   + . .     Faith    .     (no shield)
rPois  .         Spirit   .     (no helmet)
rElec  .         Dismiss  .     t - +0 cloak
rCorr  .         Reflect  .     (no gloves)
SustAt .         Harm     .     j - +0 pair of boots
MR     .....                    (no amulet)
Stlth  ++........               l - ring of positive energy (curse)
                                f - ring of fire

@: lethally poisoned (0 -> -4), not resistant to hostile enchantments,
unstealthy
A: no striking features
a: Renounce Religion

Inventory:

Hand Weapons
 a - a +1 dagger of venom
Armour
 j - a +0 pair of boots (worn)
 p - a +0 robe (worn)
 t - a +0 cloak (worn)
Jewellery
 f - a ring of fire (left hand)
 l - a cursed ring of positive energy (right hand)
Scrolls
 b - a scroll of immolation {unknown}
 e - 2 scrolls of fear {unknown}
 h - 6 scrolls of identify {unknown}
 n - a scroll of remove curse {unknown}
 q - a scroll of magic mapping {unknown}
 r - a scroll of recharging {unknown}
 w - a scroll of enchant weapon {unknown}
 y - a scroll of fog {unknown}
 z - a scroll of silence {unknown}
Potions
 g - 3 potions of lignification (in hand) {unknown}
 i - 2 potions of ambrosia {unknown}
 k - 3 potions of resistance {unknown}
 o - 7 potions of curing {unknown}
 v - a potion of degeneration {unknown}
 x - a potion of heal wounds
Books
 c - a book of Geomancy

   Spells                             Type                      Level
   a - Sandblast                      Earth                        1
   b - Passwall                       Transmutation/Earth          2
   c - Stone Arrow                    Conjuration/Earth            3
   d - Petrify                        Transmutation/Earth          4
   e - Lee's Rapid Deconstruction     Earth                        5
Comestibles
 d - 3 bread rations
 m - a beef jerky
 s - 3 fruits
 u - 3 chunks of flesh


   Skills:
 - Level 2.4 Dodging
 - Level 2.4 Stealth
 * Level 9.4 Spellcasting
 * Level 3.3 Conjurations
 - Level 1.1 Transmutations
 * Level 2.5 Fire Magic
 - Level 6.1 Earth Magic


You had 9 spell levels left.
You knew the following spells:

 Your Spells              Type           Power        Failure   Level  Hunger
a - Sandblast             Erth           #####.       1%          1    None
b - Stone Arrow           Conj/Erth      ####..       2%          3    None
c - Lee's Rapid Deconstr  Erth           #####.....   14%         5    ####...
d - Petrify               Trmt/Erth      ####....     14%         4    ##.....
v - Flame Tongue          Conj/Fire      #####        1%          1    None
w - Passwall              Trmt/Erth      ####......   1%          2    None


You were on level 8 of the Dungeon.
You worshipped Vehumet.
Vehumet was aware of your devotion.
You were not hungry.

You visited 1 branch of the dungeon, and saw 8 of its levels.
You also visited: Ossuary.

You collected 443 gold pieces.

........$...y..
#...).......#
#.........y.#
####........##.## .
#.........y##...##
#.#.######y###.....##
..........†.........#
...........yyy.._....
............#@......#
#.......####.....##
#..........##...##
#...........##.## .
#.#.###.##.## .#
...#........#... .
.......<....# ### .
###.....###.# ..
#...#.....#

Notes
Turn   | Place    | Note
--------------------------------------------------------------
     0 | D:1      | ololoev the Deep Elf Earth Elementalist began the quest for the Orb.
     0 | D:1      | Reached XP level 1. HP: 10/10 MP: 6/6
     0 | D:1      | ololoev: !lg . -log
     0 | D:1      | beem: 3132. ololoev, XL5 DEEE, T:1042: http://crawl.xtahua.com/crawl/morgue/ololoev/morgue-ololoev-20161205-083435.txt
   117 | D:1      | Reached XP level 2. HP: 10/15 MP: 5/8
   166 | D:2      | Reached skill level 4 in Spellcasting
   232 | D:2      | Learned a level 2 spell: Passwall
   369 | D:2      | Reached XP level 3. HP: 18/19 MP: 5/10
   376 | D:2      | Learned a level 3 spell: Stone Arrow
   405 | D:2      | Goblin1989: меня слегка отвлекли
   444 | D:3      | Goblin1989: никтро ничего не помнит?
   444 | D:3      | ReniFell: tam byl pizdec
   444 | D:3      | Goblin1989: где?
   444 | D:3      | ReniFell: ty pro chto voobwe
   444 | D:3      | ololoev: on pro arcanum i most
   467 | D:3      | ReniFell: a
   473 | D:4      | Noticed an ogre
   474 | D:4      | ReniFell: ya ebashil vseh tam
   478 | D:4      | Goblin1989: ладно, сам разбираться буду
   480 | D:4      | Killed an ogre
   480 | D:4      | Reached skill level 5 in Spellcasting
   480 | D:4      | Reached XP level 4. HP: 24/24 MP: 2/13
   489 | D:4      | ReniFell: nenaviju prohodit' igri bez ubiistv
   489 | D:4      | ReniFell: eto kak v tetris igrat'...
   489 | D:4      | ololoev: v inete pishut chto mojno kluch spernut' ili kvest sdelat dlya nix
   520 | D:4      | Reached skill level 6 in Spellcasting
   520 | D:4      | Reached XP level 5. HP: 28/28 MP: 1/15
   575 | D:4      | Noticed Crazy Yiuf
   583 | D:4      | Killed Crazy Yiuf
   639 | D:4      | Found a burning altar of Makhleb.
   639 | D:4      | Found a radiant altar of Vehumet.
   645 | D:4      | Reached skill level 5 in Earth Magic
   655 | D:4      | Became a worshipper of Vehumet
   656 | D:4      | ololoev: a kak kachatsya bez ubiystv?
   699 | D:5      | Entered Level 5 of the Dungeon
   724 | D:5      | ololoev: kstati
   724 | D:5      | ololoev: chto s banditami v stepyah budesh delat?
   724 | D:5      | ololoev: po 200 golda platit kajdomu?
   725 | D:6      | Noticed Grinder
   727 | D:6      | ReniFell: lul
   729 | D:6      | Killed Grinder
   729 | D:6      | Reached skill level 7 in Spellcasting
   729 | D:6      | Reached XP level 6. HP: 24/32 MP: 11/18
   731 | D:6      | Reached skill level 8 in Spellcasting
   796 | D:6      | ReniFell: stonesi konchayutsya...
   841 | D:6      | Reached XP level 7. HP: 30/36 MP: 17/20
   950 | D:6      | Found a sand-covered staircase.
   960 | D:6      | Learned a level 5 spell: Lee's Rapid Deconstruction
   965 | D:6      | Learned a level 4 spell: Petrify
   966 | Ossuary  | Entered an ossuary
   997 | Ossuary  | ReniFell: pokaji m
  1000 | Ossuary  | ReniFell: interesno
  1003 | Ossuary  | ReniFell: sps
  1046 | Ossuary  | ReniFell: kstati, ty je u nas pro za fe, rasskaji, kak kachat' skilli
  1053 | Ossuary  | ololoev: splcast+ fire+ conj+ until fball 1% fail
  1053 | Ossuary  | ReniFell: bez focusa?
  1053 | Ossuary  | ololoev: bez
  1053 | Ossuary  | ReniFell: ponyal
  1053 | Ossuary  | ololoev: raznici osobo net v erli
  1053 | Ossuary  | ololoev: dalshe dobavil fighting+ dodgeing+ (i armour+ do 4-5 esli v TLA)
  1053 | Ossuary  | ololoev: potom kak est Veh i norm spelli - obichno na fire, conj i splcast focus stavlu
  1059 | Ossuary  | ReniFell: ponyal
  1059 | Ossuary  | ReniFell: sps
  1059 | Ossuary  | Goblin1989: опыт за выполнение квестов тоже дают
  1059 | Ossuary  | Goblin1989: типа пиринеси-подай-уйди-немешай
  1059 | Ossuary  | Goblin1989: а в поле я буду сохраняться сперва, потом при неудачных попытках перезаходить
  1059 | Ossuary  | Goblin1989: ну я попробую сперва как оно проходить вообще без убийств
  1059 | Ossuary  | Goblin1989: мне главное выкачать убеждение до мастера или эксперта хотя бы
  1059 | Ossuary  | Goblin1989: красться научиться или становиться невидимкой выучить
  1059 | Ossuary  | Goblin1989: !!!
  1059 | Ossuary  | Goblin1989: нужно подмастерьем в убеждении стать же!
  1059 | Ossuary  | ReniFell: slojnie mahinacii
  1059 | Ossuary  | Goblin1989: они веселые, эти махинации
  1091 | Ossuary  | Reached skill level 1 in Conjurations
  1375 | D:7      | Reached * piety under Vehumet
  1375 | D:7      | Offered knowledge of Flame Tongue by Vehumet.
  1392 | D:7      | Learned a level 1 spell: Flame Tongue
  1431 | D:7      | Found a staircase to the Ecumenical Temple.
  1468 | D:7      | Reached skill level 9 in Spellcasting
  1468 | D:7      | Reached skill level 1 in Fire Magic
  1590 | D:8      | Reached XP level 8. HP: 41/41 MP: 6/23
  1597 | D:8      | Found a shattered altar of Ashenzari.
  1615 | D:8      | HP: 1/41 [killer bee (7)]
  1615 | D:8      | Slain by a killer bee

Dungeon Overview and Level Annotations

Branches:
Dungeon (8/15)             Temple (0/1) D:7
   Lair: D:8-11

Altars:
Ashenzari
Makhleb
Vehumet


Message History

Confirm with . or Enter, or press ? or * to list all spells.
Aiming: Flame Tongue
Press: ? - help, Shift-Dir - straight line, f - adder
Aim: an adder You feel a surge of power!
The flame tongue hits the adder.
The adder is severely wounded.
Casting: Flame Tongue
Confirm with . or Enter, or press ? or * to list all spells.
Aiming: Flame Tongue
Press: ? - help, Shift-Dir - straight line, f/p - adder
Aim: an adder (severely wounded)
You feel a surge of power!
The flame tongue hits the adder.
The adder is almost dead.
The adder closely misses you.
Casting: Flame Tongue
Confirm with . or Enter, or press ? or * to list all spells.
Aiming: Flame Tongue
Press: ? - help, Shift-Dir - straight line, f/p - adder
Aim: an adder (almost dead)
You feel a surge of power!
The flame tongue hits the adder.
You kill the adder!
Vehumet accepts your kill. 3 killer bees come into view.
The killer bee buzzes angrily. 2 killer bees come into view.
A killer bee comes into view.
The killer bee buzzes angrily. x2
The killer bee moves out of view.
Casting: Flame Tongue
Confirm with . or Enter, or press ? or * to list all spells.
Aiming: Flame Tongue
Press: ? - help, Shift-Dir - straight line, f - killer bee
Aim: a killer bee You feel a surge of power!
The flame tongue hits the killer bee.
The killer bee is lightly wounded.
The killer bee closely misses you. The killer bee barely misses you.
Casting: Flame Tongue
Confirm with . or Enter, or press ? or * to list all spells.
Aiming: Flame Tongue
Press: ? - help, Shift-Dir - straight line, f/p - killer bee
Aim: a killer bee (lightly wounded)
You feel a surge of power!
The flame tongue misses the killer bee.
The killer bee stings you. x2
Casting: Flame Tongue
Confirm with . or Enter, or press ? or * to list all spells.
Aiming: Flame Tongue
Press: ? - help, Shift-Dir - straight line, f/p - killer bee
Aim: a killer bee (lightly wounded)
You feel a surge of power!
The flame tongue hits the killer bee.
The killer bee is lightly wounded.
The killer bee misses you. The killer bee stings you.
The killer bee stings you!
You are poisoned.
The killer bee poisons you! The killer bee barely misses you.
You feel sick.
The killer bee buzzes angrily.
The killer bee stings you but does no damage.
The killer bee completely misses you. The killer bee stings you.
You hear an angry buzzing noise. x2
You feel sick.
The killer bee stings you but does no damage.
Casting: Flame Tongue
Confirm with . or Enter, or press ? or * to list all spells.
Aiming: Lee's Rapid Deconstruction
Press: ? - help, Dir - move target cursor, p - killer bee That beam is likely to hit you.
Continue anyway?
The wall shatters!
The blast of rock fragments hits the killer bee.
The killer bee is heavily wounded.
The blast of rock fragments hits the killer bee.
The killer bee is almost dead.
The blast of rock fragments hits the killer bee.
The killer bee is heavily wounded.
The blast of rock fragments hits the killer bee.
You kill the killer bee!
Vehumet accepts your kill. The blast of rock fragments hits you!
You hear a bark! x4
The killer bee stings you! The killer bee stings you.
You die...

You could see 4 killer bees.

Vanquished Creatures
  Grinder (D:6)
  An ice beast (D:7)
  An ogre (D:4)
  A giant frog (D:7)
  A killer bee (D:8)
  A howler monkey (D:7)
  2 crimson imps
  A giant frog zombie (D:7)
  A jelly (D:7)
  3 orc wizards
  Crazy Yiuf (D:4)
  A centaur skeleton (D:6)
  A worker ant (D:6)
  A big kobold zombie (Ossuary)
  A hound zombie (D:6)
  8 mummies (Ossuary)
  A worker ant zombie (D:6)
  3 adders
  An ooze (D:2)
  An adder skeleton (D:4)
  A worm (D:2)
  2 dart slugs
  2 giant geckos
  12 orcs
  4 giant cockroaches
  2 gnoll zombies (Ossuary)
  3 goblins
  9 jackals
  3 bats
  2 giant newts
  A hobgoblin zombie (Ossuary)
  3 kobolds
  3 kobold zombies (Ossuary)
  An orc zombie (Ossuary)
  A quokka skeleton (D:4)
  2 rats
83 creatures vanquished.

Action                   |  1- 3 |  4- 6 |  7- 9 || total
-------------------------+-------+-------+-------++-------
 Cast: Sandblast         |    48 |    35 |    44 ||   127
       Stone Arrow       |       |       |    16 ||    16
       Flame Tongue      |       |       |     8 ||     8
       Lee's Rapid Decon |       |       |     3 ||     3
  Eat: Pizza             |       |       |     1 ||     1
       Chunk             |       |       |     1 ||     1
Armor: Robe              |       |     1 |     6 ||     7
Dodge: Dodged            |    15 |     7 |    18 ||    40

Vault maps used:
D:1:      ldierk_walled_garden_2, st_stairs_12, minmay_bisected
D:2:      lemuel_coloured_pillars_altar, st_stairs_10
D:3:      tso_metal_star
D:4:      grunt_temple_overflow_lords_of_destruction, lemuel_crystal_altar,
          zin_purify, serial_bayou_pond_d, uniq_crazy_yiuf_cottage
D:5:      grunt_gozag_breadcrumbs, first_bread, lexackson_kobold_supper
D:6:      enter_ossuary_2, hangedman_abyss_or_decor_stabs, item_on_display_a,
          uniq_grinder
D:7:      temple_doors_e
D:8:      overflow_temple_1_default, lemuel_round_altar, grunt_pizzeria
Ossuary:  ossuary_tomb_3
